 Dungeon Crawl Stone Soup version 0.28.0-43-g3370ac3207 (webtiles) character file.

Game seed: 8711138974172260587

229 RascalDebosk the Skirmisher (level 6, -4/57 HPs)
             Began as a Hill Orc Fighter on Mar 5, 2022.
             Was an Initiate of Beogh.
             Slain by a gnoll sergeant
             ... wielding a +4 vorpal spear
              (7 damage)
             ... on level 7 of the Dungeon.
             The game lasted 00:25:36 (3510 turns).

RascalDebosk the Skirmisher (Hill Orc Fighter)      Turns: 3510, Time: 00:25:36

Health: -4/57      AC:  9    Str: 21    XL:     6   Next: 3%
Magic:  6/6        EV:  7    Int: 14    God:    Beogh [......]
Gold:   145        SH:  4    Dex: 10    Spells: 5/5 levels left

rFire   . . .      SeeInvis .   a - +2 war axe
rCold   . . .      Faith    .   c - +0 buckler
rNeg    . . .      Spirit   .   n - +0 chain mail
rPois   .          Reflect  .   (no helmet)
rElec   .          Harm     .   (no cloak)
rCorr   .          Rampage  .   (no gloves)
Will    .....                   (no boots)
Stlth   ..........              (no amulet)
HPRegen 0.19/turn               h - +6 ring of intelligence
MPRegen 0.10/turn               (no ring)

@: attractive, flying
A: no striking features
a: Renounce Religion


You were on level 7 of the Dungeon.
You worshipped Beogh.
Beogh was noncommittal.
You visited 1 branch of the dungeon, and saw 5 of its levels.

You collected 145 gold pieces.

Inventory:

Hand Weapons
 a - a +2 war axe (weapon)
Missiles
 g - 4 poisoned darts (quivered)
Armour
 c - a +0 buckler (worn)
 n - a +0 chain mail (worn)
Jewellery
 h - a +6 ring of intelligence (left hand)
 i - an amulet of magic regeneration
Scrolls
 e - a scroll of immolation
Potions
 b - a potion of lignification {unknown}
 d - a potion of might
 f - 3 potions of ambrosia
 j - a potion of flight
 k - a potion of magic {unknown}
 m - 2 potions of attraction
 o - 2 potions of brilliance {unknown}


   Skills:
 + Level 6.1 Fighting
 + Level 5.9 Axes
 - Level 3.2 Armour
 - Level 3.2 Shields


You had 5 spell levels left.
You didn't know any spells.
Your spell library contained the following spells:

 Spells                   Type           Power      Damage    Failure   Level
 Apportation              Tloc           0%         N/A       98%         1
 Static Discharge         Conj/Air       0%         N/A       99%         2
 Dispel Undead            Necr           0%         3d6       100%        4
 Sticky Flame             Conj/Fire      0%         2d3       100%        4
 Alistair's Intoxication  Tmut/Pois      0%         N/A       100%        5


Dungeon Overview and Level Annotations

Branches:
Dungeon (4/15)
 Temple: D:4-7

Altars:
Fedhas
Sif Muna
Trog

Shops:
D:1 *


Message History

The centaur hits you but does no damage.
The centaur kicks you.
* * * LOW HITPOINT WARNING * * *
The centaur hits you but does no damage.
The centaur kicks you but does no damage.
It was a potion of attraction.
You feel attractive to monsters. The centaur barely misses you.
You block the centaur's attack. The ice beast closely misses you.
The gnoll sergeant is attracted toward you.
It was a potion of flight.
You feel very buoyant.
You fly up into the air.
The centaur hits you but does no damage.
The centaur kicks you.
* * * LOW HITPOINT WARNING * * *
The gnoll sergeant closely misses you.
The centaur hits you but does no damage.
The centaur barely misses you.
The ice beast hits you but does no damage.
As you read the scroll of immolation, it crumbles to dust.
The creatures around you are filled with an inner flame!
You block the centaur's attack.
The centaur kicks you but does no damage.
You block the gnoll sergeant's attack. The ice beast hits you.
* * * LOW HITPOINT WARNING * * *
The ice beast freezes you.
* * * LOW HITPOINT WARNING * * *
The gnoll is attracted toward you. The gnoll sergeant blocks your attack.
You slash the ice beast!
Flame seeps out of the ice beast.
You barely miss the centaur. The centaur barely misses you.
The centaur kicks you but does no damage.
You block the gnoll sergeant's attack. The centaur closely misses you.
The centaur kicks you but does no damage.
The ice beast is engulfed in blazing flames.
Flame seeps out of the ice beast.
The ice beast hits you but does no damage.
The gnoll sergeant hits you with a +4 vorpal spear!
You die...

#.# #.# #.# ..# #.# . #
#.+ #.# .# #.(.# #[#
g.. .#.# ##.###.g.. ..#
#......... ###.#
#...##.... #.YS# #g.g#
.. #@#.# ##..# #gc.#
#..# #g#.# #..# #...#
#..# #.#.# #..# #.ยง.#
#..# ###.# ####
##..##########..##.....
#.g................###


You could see a water moccasin (inner flame), an ice beast (inner flame), a
gnoll sergeant (inner flame), a centaur (inner flame) and a gnoll.

Vanquished Creatures
  A bullfrog (D:7)
  A howler monkey (D:3)
  6 adders
  3 worms
  A dart slug (D:1)
  2 orcs (D:3)
  5 ball pythons
  4 endoplasms
  3 giant cockroaches
  8 hobgoblins
  3 quokkas
  6 bats
  3 frilled lizards
  7 goblins
  6 kobolds
  8 rats
67 creatures vanquished.

Vanquished Creatures (others)
  An orc priest (D:7)
  3 orcs (D:7)
4 creatures vanquished.

Grand Total: 71 creatures vanquished

Notes
Turn   | Place    | Note
-------+----------+-------------------------------------------
     0 | D:1      | RascalDebosk the Hill Orc Fighter began the quest for the
                  | Orb.
     0 | D:1      | Reached XP level 1. HP: 19/19 MP: 1/1
   137 | D:1      | Found Cibonyxt's Assorted Antiques.
   162 | D:1      | Reached XP level 2. HP: 9/27 MP: 2/2
   370 | D:1      | Reached skill level 4 in Fighting
  1202 | D:1      | Found a faded altar of an unknown god.
  1612 | D:2      | Reached XP level 3. HP: 20/34 MP: 3/3
  1965 | D:2      | Reached XP level 4. HP: 32/41 MP: 4/4
  2322 | D:2      | Reached skill level 5 in Fighting
  2822 | D:3      | Reached skill level 5 in Axes
  2822 | D:3      | Reached XP level 5. HP: 48/48 MP: 5/5
  3092 | D:3      | Found a shimmering blue altar of Sif Muna.
  3387 | D:4      | You fall into a shaft and drop 3 floors!
  3387 | D:7      | Found a bloodstained altar of Trog.
  3391 | D:7      | Found a blossoming altar of Fedhas.
  3393 | D:7      | Noticed a two-headed ogre
  3474 | D:7      | Became a worshipper of Beogh the Brigand
  3486 | D:7      | Reached skill level 6 in Fighting
  3486 | D:7      | Reached XP level 6. HP: 53/57 MP: 6/6
  3500 | D:7      | Noticed an ice beast
  3501 | D:7      | Noticed a water moccasin
  3510 | D:7      | Slain by a gnoll sergeant

Illustrated notes

Levels and vault maps discovered:
D:1:      lightli_arrival_quake, layout_basic,
          shapermc_ecumenical_altar_mp_highgroup, serial_shops, shop,
          palyth_stone_intersect, minmay_distorted
D:2:      layout_basic
D:3:      layout_basic, overflow_temple_1_default
D:4:      layout_basic, lemuel_round_altar, mainiacjoe_overflow_brackets,
          uniq_pikel
D:7:      layout_loops_ring, mainiacjoe_overflow_large_starburst,
          minmay_temple_entry_slanted, hangedman_minor_gate_pass

Skill      XL: |  1  2  3  4  5 |
---------------+----------------+-----
Axes           | 3 4 5 |  5.9
Fighting       | 4 5 6 |  6.1
Armour         | |  3.2
Shields        | |  3.2

Action                   |  1- 3 |  4- 6 || total
-------------------------+-------+-------++-------
Melee: War axe           |    99 |   100 ||   199
Invok: Convert to Beogh  |       |     1 ||     1
  Use: Scroll            |       |     5 ||     5
       Potion            |       |     2 ||     2
Armor: Scale mail        |    47 |    11 ||    58
       Chain mail        |       |    48 ||    48
Dodge: Dodged            |    53 |    40 ||    93
Block: Buckler           |    17 |    31 ||    48
